 Dungeon Crawl Stone Soup version 0.19-a0-1260-gc94d3f7 (webtiles) character file.

1853 TheGoonsmith the Carver (level 9, 0/68 HPs)
             Began as a Merfolk Gladiator on Aug 28, 2016.
             Was a Follower of Okawaru.
             Slain by an orc warrior
             ... wielding a +0 trident
              (9 damage)
             ... on level 6 of the Dungeon.
             The game lasted 00:11:33 (6621 turns).

TheGoonsmith the Carver (Merfolk Gladiator)         Turns: 6621, Time: 00:11:33

Health: 0/68       AC:  9    Str: 15    XL:     9   Next: 12%
Magic:  8/9        EV: 16    Int:  8    God:    Okawaru [*.....]
Gold:   264        SH:  0    Dex: 17    Spells: 0 memorised, 8 levels left

rFire  . . .     SeeInvis .     a - +0 long sword
rCold  . . .     Gourm    .     m - +3 leather armour {MR+}
rNeg   . . .     Faith    .     (no shield)
rPois  .         Spirit   .     c - +2 helmet
rElec  .         Dismiss  .     (no cloak)
rCorr  .         Reflect  .     (no gloves)
MR     +....     Harm     .     (no boots)
Stlth  +.........               (no amulet)
                                (no ring)
                                (no ring)

@: no status effects
A: change form in water, swift swim, stealthy swim
a: Heroism, Renounce Religion


You were on level 6 of the Dungeon.
You worshipped Okawaru.
Okawaru was aware of your devotion.
You were very hungry.

You visited 2 branches of the dungeon, and saw 7 of its levels.

You collected 264 gold pieces.

Inventory:

Hand Weapons
 a - a +0 long sword (weapon)
Missiles
 d - 3 throwing nets (quivered)
Armour
 c - a +2 helmet (worn)
 m - a +3 leather armour of magic resistance (worn)
Magical Staves
 g - an uncursed staff of poison
Scrolls
 k - a scroll of recharging {unknown}
 l - a scroll of fear
 r - 4 scrolls of identify
Potions
 h - a potion of cure mutation
 i - 5 potions of curing
 j - 2 potions of brilliance
 p - a potion of might {unknown}
 v - a potion of lignification
Comestibles
 f - 2 bread rations
 o - 2 meat rations
 t - a beef jerky


   Skills:
 + Level 5.2 Fighting
 * Level 10.9 Long Blades
 - Level 2.0 Throwing
 - Level 7.2 Dodging


You had 8 spell levels left.
You didn't know any spells.

Dungeon Overview and Level Annotations

Branches:
Dungeon (6/15)             Temple (1/1) D:6

Altars:
Ashenzari
Cheibriados
Dithmenos
Elyvilon
Fedhas
Gozag
Hepliaklqana
Kikubaaqudgha
Makhleb
Nemelex Xobeh
Okawaru
Sif Muna
Trog
Uskayaw
Vehumet
Xom
The Shining One

Annotations:
D:4 Guenter's ghost, novice KoGl


Message History

Okay, then.
You miss the water moccasin.
The water moccasin is almost dead.
You feel like a meek peon again. The water moccasin barely misses you.
You riposte.
You closely miss the water moccasin.
The water moccasin is almost dead.
The orc warrior hits you from afar with a trident.
* * * LOW HITPOINT WARNING * * *
You miss the water moccasin.
The water moccasin is almost dead.
The water moccasin closely misses you.
The orc warrior hits you from afar with a trident.
* * * LOW HITPOINT WARNING * * *
Unknown command.
You hit the water moccasin.
You kill the water moccasin!
Okawaru accepts your kill.
The orc warrior hits you with a trident!
You die...

..##.##.# #.#.##..........##.##
####.##.# #.#.##..........##.##
####..#.# #.#.##.###########...
.^#.....# #.#.##.........# ##'#
#.#.#...#####.#.##.........###8.8
#...#...........##.........##....
...........#.#####........##8....
(..(....##.#...###.......##......
.........#.###..@oo......#8......
......>>...# ######..)...+.....(.
.......############......#8......
..........#.......'......##......
#########.#.#######.....).##8....
#...#....<#......####.... #
#####(##..###....#####8.8 .
#...#.#...#..........##'# .
#.#'#'#####.............#


You could see an orc warrior and an orc.

Vanquished Creatures
  The ghost of TheGoonsmith the Destroyer, a novice DrCj of Vehumet (D:6)
  The ghost of TheGoonsmith the Slasher, an amateur DsGl (D:3)
  A water moccasin (D:6)
  A black bear (D:5)
  An ogre (D:5)
  A centaur (D:5)
  2 giant frogs
  A scorpion (D:5)
  A howler monkey (D:5)
  4 crimson imps
  4 hounds
  3 orc priests
  A giant frog skeleton (D:5)
  An iguana (D:6)
  Ijyb (D:2)
  4 orc wizards
  2 worker ants (D:6)
  6 adders
  2 shadow imps
  4 worms
  3 dart slugs
  4 giant geckos
  23 orcs
  A ball python (D:3)
  5 giant cockroaches
  4 goblins
  9 hobgoblins
  7 jackals (D:5)
  2 quokkas
  8 bats
  3 giant newts (D:2)
  4 kobolds
  10 rats
125 creatures vanquished.

Notes
Turn   | Place    | Note
-------+----------+-------------------------------------------
     0 | D:1      | TheGoonsmith the Merfolk Gladiator began the quest for the Orb.
     0 | D:1      | Reached XP level 1. HP: 16/16 MP: 1/1
   101 | D:1      | Reached XP level 2. HP: 19/22 MP: 2/2
   320 | D:1      | Reached skill level 4 in Long Blades
   531 | D:2      | Reached XP level 3. HP: 20/27 MP: 3/3
  1449 | D:2      | Reached XP level 4. HP: 15/33 MP: 4/4
  1734 | D:2      | Noticed Ijyb
  1748 | D:2      | Killed Ijyb
  1748 | D:2      | Reached skill level 5 in Long Blades
  1748 | D:2      | Reached skill level 5 in Dodging
  2536 | D:3      | Reached XP level 5. HP: 37/38 MP: 5/5
  2559 | D:3      | Noticed TheGoonsmith's ghost (amateur DsGl)
  2585 | D:3      | Killed TheGoonsmith's ghost
  2585 | D:3      | Reached skill level 6 in Long Blades
  2585 | D:3      | Reached XP level 6. HP: 21/44 MP: 6/6
  3088 | D:3      | Found a hazy altar of Hepliaklqana.
  3115 | D:3      | Found a faded altar of an unknown god.
  3427 | D:4      | Noticed Guenter's ghost (novice KoGl)
  3463 | D:4      | HP: 2/44 [Guenter's ghost (8)]
  3818 | D:5      | Entered Level 5 of the Dungeon
  3934 | D:5      | Reached skill level 7 in Long Blades
  4252 | D:5      | Noticed a black bear
  4269 | D:5      | Killed a black bear
  4269 | D:5      | Reached XP level 7. HP: 50/50 MP: 7/7
  4540 | D:5      | Reached skill level 8 in Long Blades
  4691 | D:5      | Reached XP level 8. HP: 30/57 MP: 8/8
  4833 | D:5      | Reached skill level 9 in Long Blades
  5267 | D:6      | Noticed TheGoonsmith's ghost (novice DrCj)
  5592 | D:6      | Found a staircase to the Ecumenical Temple.
  5596 | Temple   | Entered the Ecumenical Temple
  5893 | Temple   | Became a worshipper of Warmaster Okawaru
  6128 | D:6      | Killed TheGoonsmith's ghost
  6128 | D:6      | Reached skill level 10 in Long Blades
  6132 | D:6      | Reached * piety under Okawaru
  6135 | D:6      | Reached XP level 9. HP: 24/67 MP: 9/9
  6592 | D:6      | Reached skill level 5 in Fighting
  6621 | D:6      | Slain by an orc warrior

Vault maps used:
D:1:      dpeg_arrival_chambers_temple_mockup
D:2:      uniq_iyjb
D:3:      old_standard_altar, ecumenical_altar_2
D:4:      first_bread, minmay_lizard_king
D:6:      dk_noncrumbling_4
Temple:   minmay_temple_bridge_d

Skill      XL: |  1  2  3  4  5  6  7  8  9 |
---------------+----------------------------+-----
Long Blades    | 4 5 6 7 8 10 | 10.9
Dodging        | 5 6 7 |  7.2
Fighting       | 4 5 |  5.2
Throwing       | |  2.0

Action                   |  1- 3 |  4- 6 |  7- 9 || total
-------------------------+-------+-------+-------++-------
Melee: Long sword        |   111 |   242 |   318 ||   671
Invok: Heroism           |       |       |     1 ||     1
  Use: Potion            |       |    10 |     4 ||    14
       Scroll            |       |    10 |     2 ||    12
 Stab: Invisible         |       |     3 |       ||     3
       Sleeping          |       |     1 |       ||     1
  Eat: Chunk             |     1 |    10 |     4 ||    15
       Bread ration      |       |       |     1 ||     1
Armor: Leather armour    |    17 |    28 |    55 ||   100
       Skin              |       |    39 |    41 ||    80
Dodge: Dodged            |    74 |   122 |   151 ||   347
